[Event "Early-Titled-Tuesday-Blitz-January-30-2024"]
[Site "Chess.com"]
[Date "2024.01.30"]
[Round "9"]
[White "GMBenjaminBok"]
[Black "MetiForce"]
[Result "0-1"]
[WhiteElo "2930"]
[BlackElo "2854"]
[TimeControl "180+1"]
[EndTime "9:49:12 PST"]
[Termination "MetiForce won on time"]

1. d4 Nf6 2. c4 e6 3. Nc3 Bb4 4.
Qc2 O-O 5. a3 Bxc3+ 6. Qxc3 d5 7. Bg5 Nbd7 8. e3 c6 9. Nf3 Re8 10. Bd3 h6 11. Bh4 b6 12. cxd5 cxd5 13. O-O Bb7 14.
Rfc1 Rc8 15. Qb4 Rxc1+ 16. Rxc1 Qa8 17. Qa4 Rc8 18. Rxc8+ Qxc8 19. Qc2 Qxc2 20. Bxc2 Ne4 21. Be7 Nb8 22. Bb4 a5 23. Be1 f6 24. Nd2 Nxd2 25. Bxd2 Bc6 26. f3 Na6 27. Kf2 Nc7 28. e4 g5 29. h4 Nb5 30. Ke3 Kf7 31. Be1 Nd6 32. b3 Ke7 33. g4 dxe4 34. fxe4 e5 35. hxg5 hxg5 36. d5 Bd7 37. Bd1 Kd8 38. Bf2 Nf7 39. a4 Nh6 40. Kd3 Kc7 41. Be1 Bxg4 42. Bc2 f5 43. b4 axb4 44. Bxb4 f4 45. Be7 Nf7 46. Bb3 Kd7 47. d6 Be6 48. Bd1 g4 49. Kc3 g3 50.
Bf3 Bh3 0-1

[Event "Early-Titled-Tuesday-Blitz-January-30-2024"]
[Site "Chess.com"]
[Date "2024.01.30"]
[Round "9"]
[White "emeli_chess"]
[Black "Al_Shima"]
[Result "0-1"]
[WhiteElo "2463"]
[BlackElo "2363"]
[TimeControl "180+1"]
[EndTime "9:49:12 PST"]
[Termination "Al_Shima won by resignation"]

1. d4 Nf6 2. c4 e6 3. Nc3 d5 4.
cxd5 Nxd5 5. e4 Nxc3 6. bxc3 c5 7. Nf3 cxd4 8. cxd4 Bb4+ 9. Bd2 Bxd2+ 10. Qxd2 O-O 11.
Bd3 Nc6 12. Bc2 b6 13. O-O Bb7 14. Rfe1 Rc8 15. Rad1 Na5 16. Bb1 Nc4 17. Qf4 Qd7 18. e5 Bxf3 19. Qxf3 Rfd8 20. Re4 g6 21. h4 h5 22. g4 hxg4 23. Qxg4 Rc5 24. h5 Nxe5 25.
Rxe5 Rxe5 26. hxg6 f5 27. Qh4 Rd5 28. Rd3 Re8 29.
a3 Qg7 30. Ba2 Rd6 31. Rh3 Rxd4 32. Qh5 Rg4+ 33. Rg3 Rxg3+ 34. fxg3 Qa1+ 35. Kg2 Qxa2+ 36. Kh3 Re7 37. Qg5 Qxa3 38. Qf6 Qd6 39. Qh4 Qd7 40. Qf6 Rg7 41. Kh4 Qe7 42. Kg5 Qxf6+ 43. Kxf6 a5 44. Kxe6 a4 45. Kxf5 a3 0-1

[Event "Early-Titled-Tuesday-Blitz-January-30-2024"]
[Site "Chess.com"]
[Date "2024.01.30"]
[Round "9"]
[White "m_ezat"]
[Black "Trojan-Knight"]
[Result "1-0"]
[WhiteElo "2487"]
[BlackElo "2644"]
[TimeControl "180+1"]
[EndTime "9:49:13 PST"]
[Termination "m_ezat won by checkmate"]

1. d4 Nf6 2. c4 g6 3. Nc3 d5 4.
Nf3 Bg7 5. Bf4 O-O 6. Rc1 dxc4 7. e3 Be6 8. Ng5 Bd5 9. e4 h6 10. exd5 hxg5 11. Bxg5 Nxd5 12. Bxc4 Nb6 13. Bb3 Nc6 14. Ne2 Na5 15. O-O Nxb3 16. axb3 c6 17. Re1 Bf6 18.
Bh6 Re8 19. Rc3 e5 20. Rd3 exd4 21. b4 a5 22. Be3 axb4 23. Nxd4 Nd5 24. Nc2 Qa5 25. Bd2 Qc5 26. Rxe8+ Rxe8 27. g3 Bxb2 28. h4 Nc3 29. Bxc3 Bxc3 30. h5 b3 31. Ne3 Bg7 32.
hxg6 fxg6 33. Qxb3+ Kh7 34. Qxb7 Re7 35. Qc8 Bd4 36.
Ng4 Bg7 37. Rf3 Qd5 38. Rf4 c5 39. Ne3 Qe5 40. Rh4+ Bh6 41. Qh3 Qg5 42. Ng4 Re1+ 43. Kh2 Qc1 44. Rxh6+ Kg7 45. Rh7+ Kf8 46. Rh8+ Ke7 47.
Qh7+ Kd6 48. Qxg6+ Kd5 49. Qd3+ Kc6 50. Rh6+ Kc7 51.
Qd6+ Kb7 52. Qb6+ Kc8 53. Rc6+ Kd7 54. Rc7+ Ke8 55. Qb8# 1-0

[Event "Early-Titled-Tuesday-Blitz-January-30-2024"]
[Site "Chess.com"]
[Date "2024.01.30"]
[Round "9"]
[White "C_K_G"]
[Black "WiktoriaPOL"]
[Result "0-1"]
[WhiteElo "2158"]
[BlackElo "2272"]
[TimeControl "180+1"]
[EndTime "9:49:13 PST"]
[Termination "WiktoriaPOL won by resignation"]

1. e4 c5 2. Nf3 d6 3. d4 cxd4 4.
Nxd4 Nf6 5. Nc3 a6 6. Be2 e5 7. Nb3 Be7 8. Be3 Be6 9. O-O O-O 10. f4 exf4 11. Rxf4 Nc6 12. Nd5 Bxd5 13. exd5 Ne5 14. c4 Rc8 15. Rc1 Re8 16. Nd4 Bf8 17. Qd2 g6 18.
Rcf1 Bg7 19. b3 Nfd7 20. R4f2 Nc5 21. Bf3 Qh4 22. Bg5 Qxd4 23. Qc1 Ned3 24. Qc2 Nxf2 25. Qxf2 Qxf2+ 26. Kxf2 Bd4+ 27. Kg3 Nd3 28. Rd1 Be5+ 29. Kh4 Nf4 30. g3 Nh5 31. Bg4 Rc7 32. Bxh5 gxh5 33. Kxh5 f6 34. Bh6 Kf7 35. Rf1 Rg8 36. g4 Ke8 37. h4 Rf7 38. Rf5 Kd7 39. b4 Ke7 40. a4 Rc8 41. c5 dxc5 42. bxc5 Rxc5 43. g5 Rxd5 44. gxf6+ Rxf6 45. Bg5 Ke6 46. Rf1 Rxf1 47. Kh6 Bf4 48. Kxh7 Bxg5 49. hxg5 Rxg5 0-1

[Event "Early-Titled-Tuesday-Blitz-January-30-2024"]
[Site "Chess.com"]
[Date "2024.01.30"]
[Round "9"]
[White "azikom"]
[Black "Pelopidass"]
[Result "1-0"]
[WhiteElo "2724"]
[BlackElo "2565"]
[TimeControl "180+1"]
[EndTime "9:49:14 PST"]
[Termination "azikom won on time"]

1. c4 Nf6 2. Nc3 g6 3. e4 d6 4. d4 Bg7 5. Bg5 h6 6. Bf4 O-O 7.
Qd2 Kh7 8. f3 c5 9. d5 a6 10. a4 Qa5 11. Ra3 Nbd7 12. Nge2 Nh5 13.
Be3 Ne5 14. Nc1 f5 15. exf5 gxf5 16. Be2 Qb4 17. a5 Nxc4 18. Bxc4 Qxc4 19. Ra4 Bxc3 20. Rxc4 Bxd2+ 21. Kxd2 f4 22. Bf2 Bd7 23. Re1 Rae8 24. Rce4 Rf7 25. Na2 Nf6 26. Rxf4 Rg7 27. Nc3 Rxg2 28.
Re2 Kg6 29. Bh4 Rxe2+ 30. Kxe2 Nh5 31. Re4 Bf5 32. Rc4 e6 33. dxe6 Rxe6+ 34. Kf2 Nf6 35. b4 Bd3 36. Rf4 cxb4 37. Rxb4 Nd7 38. Rxb7 Nc5 39. Rb8 Kh5 40. Bg3 Bc4 41. Rd8 Nd3+ 42. Kg2 d5 43. Nxd5 Re2+ 44. Kg1 1-0

[Event "Early-Titled-Tuesday-Blitz-January-30-2024"]
[Site "Chess.com"]
[Date "2024.01.30"]
[Round "9"]
[White "Mikhail_Golubev"]
[Black "BelyakovBogdan"]
[Result "0-1"]
[WhiteElo "2669"]
[BlackElo "2566"]
[TimeControl "180+1"]
[EndTime "9:49:14 PST"]
[Termination "BelyakovBogdan won on time"]

1. e4 e5 2. Nf3 Nc6 3. Bc4 Bc5 4. c3 Nf6 5. d4 exd4 6. cxd4 Bb4+ 7. Nbd2 d5 8. exd5 Nxd5 9. O-O O-O 10. a3 Be7 11. Re1 Be6 12. Ba2 Nf4 13. Bxe6 Nxe6 14. Ne4 Ncxd4 15. Nxd4 Qxd4 16. Qf3 Rad8 17. Be3 Qxb2 18.
Rab1 Qxa3 19. Rxb7 a5 20. h4 Bxh4 21. Qh3 Be7 22. Rb5 Qd3 23. Qf5 c6 24. Re5 Rd5 25. Bd2 Rxe5 26. Nf6+ Bxf6 27. Qxd3 Rd5 28. Qc2 a4 29.
Be3 a3 30. Qxc6 Ra5 31. Bd2 Raa8 32. Rxe6 fxe6 33. Qxe6+ Kh8 34. Qa2 Rfb8 35. Bc1 Rc8 36. Bxa3 Be7 37. Qd5 Bxa3 38. g3 Rf8 39. Kg2 Rad8 40.
Qg5 h6 41. Qe3 Bd6 42. Qc3 Rc8 43. Qd3 Be7 44. f4 Bf6 45. Kh3 Rc3 46. Qg6 Rfc8 47. Kg4 Bd4 48. Kh5 Bf2 49. Qf5 Bxg3 0-1

[Event "Early-Titled-Tuesday-Blitz-January-30-2024"]
[Site "Chess.com"]
[Date "2024.01.30"]
[Round "9"]
[White "GMSrinath"]
[Black "only_strong_moves"]
[Result "0-1"]
[WhiteElo "2795"]
[BlackElo "2541"]
[TimeControl "180+1"]
[EndTime "9:49:14 PST"]
[Termination "only_strong_moves won on time"]

1. b3 e5 2. Bb2 Nc6 3. e3 d5 4.
Bb5 Bd6 5. Ne2 Nf6 6. d4 e4 7.
c4 O-O 8. Bxc6 bxc6 9. Qc2 a5 10. Nd2 Ng4 11. h3 Qh4 12. g3 Qh6 13. Nf4 g5 14. Ne2 Qh5 15. Nf1 Nh6 16. g4 Bxg4 17. Neg3 Qg6 18.
hxg4 Nxg4 19. O-O-O a4 20. c5 axb3 21. axb3 Be7 22.
f3 exf3 23. Nf5 Bf6 24. Nh2 Nxh2 25. Rxh2 Rfe8 26. Rh6 Re4 27. Rxg6+ hxg6 28. Ng3 Rxe3 29.
Rf1 g4 30. Kd1 Ra2 31. Qb1 Ra8 32. Bc1 Re6 33. Qb2 Bh4 34. Qh2 Bf6 35. Bb2 Ra2 36.
Qd2 Bh4 37. Rg1 Bxg3 38. Rxg3 Re2 39. Qg5 Rexb2 40. Qc1 Rh2 41. Rg1 Rag2 0-1

[Event "Early-Titled-Tuesday-Blitz-January-30-2024"]
[Site "Chess.com"]
[Date "2024.01.30"]
[Round "9"]
[White "publicaccountcze"]
[Black "pfalcon1949"]
[Result "0-1"]
[WhiteElo "2262"]
[BlackElo "1978"]
[TimeControl "180+1"]
[EndTime "9:49:14 PST"]
[Termination "pfalcon1949 won on time"]

1. e4 e6 2. d4 d5 3. Nd2 Nc6 4. c3 e5 5. exd5 Qxd5 6. dxe5 Nxe5 7. Ngf3 Nd3+ 8. Bxd3 Qxd3 9. Qa4+ Bd7 10. Qe4+ Qxe4+ 11. Nxe4 Be7 12. O-O O-O-O 13. Be3 Kb8 14. Rad1 Nf6 15.
Neg5 Rhf8 16. Ne5 Be6 17. Rxd8+ Bxd8 18. Nxe6 fxe6 19. Bg5 Kc8 20. Rd1 h6 21. Bh4 g5 22.
Bg3 Ne4 23. Re1 Nxg3 24. hxg3 Rf5 25. Ng4 h5 26. Ne3 Re5 27. Kf1 Bf6 28. Nc4 Rxe1+ 29.
Kxe1 Kd7 30. Ke2 Kc6 31. Kd3 Kd5 32. Ne3+ Kd6 33. b3 a6 34. g4 h4 35. Ke2 Bxc3 36.
Kf3 Bf6 37. g3 h3 38. Nf1 b5 39. Ke2 c5 40. f4 Kd5 41. Kf2 Ke4 42. Kg1 gxf4 43. gxf4 Kxf4 44. Kh2 c4 45. bxc4 bxc4 46. g5 Bxg5 47. Kxh3 c3 48. Ng3 Ke3 0-1

[Event "Early-Titled-Tuesday-Blitz-January-30-2024"]
[Site "Chess.com"]
[Date "2024.01.30"]
[Round "9"]
[White "Nemegejas"]
[Black "OparinGrigoriy"]
[Result "1-0"]
[WhiteElo "2873"]
[BlackElo "2989"]
[TimeControl "180+1"]
[EndTime "9:49:15 PST"]
[Termination "Nemegejas won by resignation"]

1. d4 Nf6 2. c4 e6 3. Nf3 b6 4. Nc3 Bb7 5. Bg5 Bb4 6. Rc1 h6 7. Bxf6 Qxf6 8. a3 Bxc3+ 9. Rxc3 d6 10. g3 Nd7 11. Bg2 O-O 12. O-O Qe7 13. Re1 Nf6 14.
Nd2 Bxg2 15. Kxg2 e5 16. d5 a5 17. b3 Nd7 18. e4 f5 19. exf5 Rxf5 20. Rf3 Qf7 21.
Ree3 Nc5 22. b4 axb4 23. axb4 Nd7 24. Ne4 Qh5 25. Qd3 Raf8 26. Rxf5 Rxf5 27. f3 Rf8 28. Qa3 Qf5 29. Qa7 Nf6 30. Nxf6+ Rxf6 31. Qxc7 Qc2+ 32. Kg1 Qd1+ 33. Kf2 Qd2+ 34. Re2 Qxb4 35. Kg2 Qc3 36. Rf2 Qe3 37. Qd7 Qd3 38. Qb5 Qd4 39. Re2 Kh7 40. Qb3 h5 41. Qc2+ Kh6 42. Re4 Qc5 43.
Qd2+ Kh7 44. Qg5 Rh6 45. Qf5+ Kg8 46. f4 Qb4 47. fxe5 Qb2+ 48. Qf2 Qb1 49. Re1 Qd3 50.
e6 Rf6 51. Qxf6 gxf6 52. e7 Qd2+ 53. Kf1 Qd3+ 54. Kf2 Qd2+ 55. Re2 Qd4+ 56. Kg2 1-0

[Event "Early-Titled-Tuesday-Blitz-January-30-2024"]
[Site "Chess.com"]
[Date "2024.01.30"]
[Round "9"]
[White "invisible_s0ul"]
[Black "Zq1"]
[Result "0-1"]
[WhiteElo "2249"]
[BlackElo "2505"]
[TimeControl "180+1"]
[EndTime "9:49:15 PST"]
[Termination "Zq1 won by resignation"]

1. e4 c5 2. Nf3 d6 3. c3 Nf6 4.
Bd3 g6 5. h3 Bg7 6. Bc2 O-O 7.
O-O e5 8. d4 exd4 9. cxd4 cxd4 10. Nxd4 Nc6 11. Nxc6 bxc6 12. Nc3 Be6 13. Bg5 h6 14.
Bh4 g5 15. Bg3 d5 16. e5 Nd7 17. Qd3 f5 18. exf6 Nxf6 19. Rfe1 Qd7 20. Be5 Rae8 21. Na4 Ne4 22. Bxg7 Qxg7 23. f3 Ng3 24. Kh2 Bf5 25. Qd2 Qc7 26. Kg1 Qf4 27. Qf2 Ne4 28.
fxe4 Qxf2+ 29. Kxf2 Bxe4+ 30. Kg1 Bxc2 31. Nc5 Bf5 32.
Rac1 Kg7 33. g4 Bc8 34. Nd3 Rxe1+ 35. Rxe1 Rf7 36. Ne5 Re7 37. Kf2 Bb7 38. Nd3 Rxe1 39. Kxe1 Kf6 40. Nc5 Bc8 41. Kd2 Ke5 42. Ke3 d4+ 43. Kd3 Kf4 44. b4 Kg3 45. Kxd4 Kxh3 46. a4 Kxg4 47. b5 cxb5 48. axb5 h5 49. Kd5 h4 50. Kc6 h3 51. Kc7 Bf5 0-1

[Event "Early-Titled-Tuesday-Blitz-January-30-2024"]
[Site "Chess.com"]
[Date "2024.01.30"]
[Round "9"]
[White "Laico"]
[Black "NelsonLinda"]
[Result "0-1"]
[WhiteElo "2380"]
[BlackElo "2577"]
[TimeControl "180+1"]
[EndTime "9:49:16 PST"]
[Termination "NelsonLinda won on time"]

1. e4 c5 2. Nc3 e6 3. f4 d5 4. Nf3 a6 5. g3 dxe4 6. Nxe4 Nf6 7.
Nxf6+ Qxf6 8. Bg2 Nc6 9. O-O Bd6 10. d3 O-O 11. Kh1 Rd8 12. Ng5 Bf8 13. Qh5 h6 14.
Ne4 Qe7 15. Be3 Nd4 16. c3 Rd5 17. Qd1 Nf5 18. Bg1 Qd8 19. Nf2 Rd7 20. Qe2 Rb8 21. Rad1 b5 22. Ne4 Qc7 23. Qf2 c4 24. d4 Bb7 25. g4 Ne7 26. Nc5 Bxg2+ 27. Qxg2 Rd6 28. f5 exf5 29. gxf5 Rf6 30. h3 Rd8 31. Bh2 Qb6 32. Qg4 Nd5 33. Ne4 Ne3 34. Nxf6+ Qxf6 35. Qe4 Nxd1 36.
Rxd1 Bd6 37. Bxd6 Qxd6 38. Re1 Qg3 39. Qe3 Qh4 40. Rg1 Rd6 41. Rg4 Qh5 42. Qf4 Rf6 43.
Qb8+ Kh7 44. Qe5 Qxh3+ 0-1

[Event "Early-Titled-Tuesday-Blitz-January-30-2024"]
[Site "Chess.com"]
[Date "2024.01.30"]
[Round "9"]
[White "SaiAgni_98"]
[Black "chessdjw"]
[Result "0-1"]
[WhiteElo "2568"]
[BlackElo "2736"]
[TimeControl "180+1"]
[EndTime "9:49:17 PST"]
[Termination "chessdjw won by resignation"]

1. e4 e5 2. Nf3 Nc6 3. Nc3 Nf6 4. Bb5 Bd6 5. O-O O-O 6. d3 h6 7. h3 a6 8. Bxc6 dxc6 9. Be3 Re8 10. Nh2 c5 11. b3 b6 12. a4 Be6 13. Ne2 g5 14. g4 Nd7 15. Ng3 Nf8 16. Nf5 Kh7 17. Re1 Ng6 18.
Nf1 Nf4 19. Kh2 Bxf5 20. exf5 Bf8 21. Ng3 Qd5 22. Bxf4 exf4 23. Ne4 Bg7 24. Qf3 Qd4 25.
Rad1 Rad8 26. Kg2 Be5 27. Rh1 Bf6 28. h4 gxh4 29. Qxf4 Kg7 30. c3 Qe5 31. Nxf6 Qxf6 32. d4 cxd4 33. Rxd4 Rxd4 34. cxd4 Qg5 35. Qf3 h5 36. Kh3 hxg4+ 37. Qxg4 Qxg4+ 38. Kxg4 Re4+ 39. Kf3 Rxd4 40. Rc1 c5 41. a5 Rb4 42. axb6 Rxb6 43.
Rxc5 Rxb3+ 44. Kg4 h3 45. Ra5 h2 46. Ra1 a5 47.
Rh1 a4 48. Rxh2 a3 49. f3 Rb2 50. Rh1 a2 51. Ra1 Kf6 52. Kf4 Re2 53. Kg4 Ke5 54. Kg5 Rg2+ 55. Kh4 Kxf5 56. Kh3 Rc2 57. Kg3 Rb2 58.
Kh3 Kf4 0-1

[Event "Early-Titled-Tuesday-Blitz-January-30-2024"]
[Site "Chess.com"]
[Date "2024.01.30"]
[Round "9"]
[White "Oleksandr_Bortnyk"]
[Black "jefferyx"]
[Result "0-1"]
[WhiteElo "3106"]
[BlackElo "3005"]
[TimeControl "180+1"]
[EndTime "9:49:18 PST"]
[Termination "jefferyx won by resignation"]

1. e4 e6 2. Nf3 d5 3. e5 c5 4. b4 cxb4 5. d4 Ne7 6. a3 Nec6 7. axb4 Bxb4+ 8. c3 Be7 9. h4 h6 10. Bd3 b6 11.
Nbd2 Na5 12. Qe2 Bb7 13. Bb2 Qc8 14. O-O Ba6 15. c4 Nxc4 16. Rxa6 Nxa6 17. Nxc4 dxc4 18. Bxc4 Nc7 19. Rc1 Qd7 20. Bd3 Rc8 21. h5 a6 22.
Qe4 Nd5 23. Rd1 b5 24. Qg4 Kf8 25. Ra1 Nb4 26. Be4 Qd8 27. Ba3 Nd5 28. Bxe7+ Nxe7 29. Rxa6 b4 30. Rd6 Qc7 31. d5 exd5 32. Bd3 Rb8 33.
Rd7 Qc1+ 34. Kh2 b3 35. e6 b2 36. Ne5 Qg5 37. Qxg5 hxg5 38. exf7 Rxh5+ 39. Kg3 g4 40. Rxe7 Kxe7 41. Nc6+ Kxf7 42. Nxb8 Rh1 43. Nc6 b1=Q 44.
Bxb1 Rxb1 45. Kxg4 Rb6 46. Ne5+ Ke6 47. f4 d4 48. Kg5 Kd5 49. g4 Ke4 50. Nc4 Rc6 51.
Nd2+ Ke3 52. Nb3 d3 53. Kf5 Rc3 0-1

[Event "Early-Titled-Tuesday-Blitz-January-30-2024"]
[Site "Chess.com"]
[Date "2024.01.30"]
[Round "9"]
[White "vladislavkovalev"]
[Black "Sina_Movahed"]
[Result "0-1"]
[WhiteElo "2863"]
[BlackElo "3035"]
[TimeControl "180+1"]
[EndTime "9:49:18 PST"]
[Termination "Sina_Movahed won by resignation"]

1. e4 c5 2. Nf3 d6 3. Bb5+ Nd7 4. O-O a6 5. Bd3 Ngf6 6. c3 e6 7. Bc2 b5 8. d4 Bb7 9. Re1 cxd4 10. cxd4 Be7 11.
Nc3 O-O 12. Bf4 Rc8 13. Bd3 Nb6 14. Qe2 Nc4 15. Rac1 Re8 16. b3 Nb6 17. h3 h6 18.
Rc2 Bf8 19. Rec1 Qd7 20. Nd2 Red8 21. Be3 Qe8 22. Nd1 d5 23. e5 Ne4 24. f3 Ng3 25. Qe1 Nf5 26. Bf2 Ne7 27. Ne3 Nc6 28.
Ng4 h5 29. Nh2 Ba3 30. Nb1 Bxc1 31. Rxc1 Ne7 32. Rd1 Nd7 33. Qe3 Nf8 34. Qg5 g6 35. Bh4 Rc7 36. Qh6 Nh7 37. Bf6 Qf8 38. Qf4 Rdc8 39.
g4 h4 40. Bxh4 Nc6 41. Bf6 Nb4 42. Be2 Nxf6 43. exf6 Rc2 44. Bf1 Nxa2 45. g5 Rc1 46.
Rxc1 Rxc1 47. Nd2 Nc3 48. Ng4 Ne2+ 0-1

[Event "Early-Titled-Tuesday-Blitz-January-30-2024"]
[Site "Chess.com"]
[Date "2024.01.30"]
[Round "9"]
[White "Firouzja2003"]
[Black "VladimirKramnik"]
[Result "1-0"]
[WhiteElo "3147"]
[BlackElo "2948"]
[TimeControl "180+1"]
[EndTime "9:49:19 PST"]
[Termination "Firouzja2003 won on time"]

1. d4 Nf6 2. Nf3 d5 3. g3 g6 4. Bg2 Bg7 5. O-O O-O 6. a4 c5 7.
dxc5 Na6 8. Be3 Ne4 9. c3 Naxc5 10. Nbd2 Qc7 11. Nxe4 dxe4 12. Nd4 Bd7 13. Nb5 Bxb5 14. axb5 Rfd8 15. Qb1 Nb3 16. Qxe4 Nxa1 17. Rxa1 b6 18.
Qc6 Rac8 19. Bf4 e5 20. Bg5 Rd6 21. Qxc7 Rxc7 22. Bc6 f5 23. f3 Kf7 24. Be3 Ke6 25.
Kg2 Rd8 26. Ra6 Bf6 27. b4 g5 28. c4 Rb8 29. c5 Bd8 30. g4 f4 31. Bf2 Rg7 32.
Be4 h6 33. Ra2 Kf6 34. Rd2 Bc7 35. Rc2 Re7 36. h4 Kg7 37. hxg5 hxg5 38. Rc1 bxc5 39. Bxc5 Rf7 40. Bd5 Rxb5 41. Bxf7 Kxf7 42. Bxa7 Bb6 43. Bxb6 Rxb6 44. Rc4 Ke6 45. Kf2 Kd5 46. Rc8 1-0

[Event "Early-Titled-Tuesday-Blitz-January-30-2024"]
[Site "Chess.com"]
[Date "2024.01.30"]
[Round "9"]
[White "Zhigalko_Sergei"]
[Black "winniethepooh04"]
[Result "1-0"]
[WhiteElo "2919"]
[BlackElo "2534"]
[TimeControl "180+1"]
[EndTime "9:49:19 PST"]
[Termination "Zhigalko_Sergei won by resignation"]

1. e4 e6 2. d4 d5 3. e5 c5 4. c3 Nc6 5. Nf3 Bd7 6. Be2 Nge7 7. Na3 Ng6 8. h4 cxd4 9. cxd4 Be7 10. g3 O-O 11. h5 Nh8 12. O-O f6 13. exf6 Bxf6 14.
Bf4 Nf7 15. Nb5 a6 16. Nc3 b5 17. Qd2 Rc8 18. Rfe1 Na5 19. b3 Nc6 20. Rad1 Qb6 21. Bf1 Nxd4 22. Nxd4 Bxd4 23. Nxd5 Bxf2+ 24. Qxf2 Qxf2+ 25. Kxf2 exd5 26. Rxd5 Bc6 27. Rc5 Nd6 28. Bh3 Nb7 29.
Rcc1 Rc7 30. Be6+ Kh8 31. Kg1 Re7 32. Rxc6 Nd8 33. Rxa6 Rfe8 34. Rb6 Rxe6 35. Rexe6 Nxe6 36. Rxb5 Kg8 37. Rb8 Kf7 38. Rxe8 Kxe8 39. Kf2 Kd7 40. Ke3 g6 41. h6 Kc6 42. Ke4 Nc5+ 43. Ke5 Nd3+ 44.
Kf6 Kd5 45. Be3 Ne5 46. Kg7 Ke6 47. a4 Nc6 48. g4 Nb4 49. a5 Na6 50. Bd2 Ke7 51.
b4 Nc7 52. Be3 Ne6+ 53. Kg8 Nc7 54. Bb6 Nd5 55. Bd4 Nc7 56. g5 Ke8 57. Be5 Ne6 58. a6 1-0

[Event "Early-Titled-Tuesday-Blitz-January-30-2024"]
[Site "Chess.com"]
[Date "2024.01.30"]
[Round "9"]
[White "sokidze"]
[Black "santosalberto1987"]
[Result "1-0"]
[WhiteElo "2834"]
[BlackElo "2532"]
[TimeControl "180+1"]
[EndTime "9:49:20 PST"]
[Termination "sokidze won on time"]

1. d4 Nf6 2. c4 d6 3. Nf3 g6 4. g3 Bg7 5. Bg2 O-O 6. Nc3 Nc6 7. O-O a6 8. Be3 Rb8 9. Rc1 b5 10. Nd5 bxc4 11. Nxf6+ Bxf6 12. Rxc4 Bd7 13. Qd2 Na7 14. Rfc1 c6 15. Bh6 Re8 16. e4 Qb6 17. b3 Nb5 18. e5 Bh8 19. Ng5 d5 20. Rc5 f6 21.
Nf3 Nc7 22. Be3 Ne6 23. R5c2 Qb4 24. Qd3 a5 25. Bd2 Qb5 26. Qe3 a4 27. b4 Qb6 28.
Bc3 Ng7 29. Re2 Nf5 30. Qd2 Bg7 31. Rce1 Bc8 32. g4 Ba6 33. gxf5 Bxe2 34. Rxe2 gxf5 35. Qf4 Qc7 36. Qxf5 Qc8 37. Qh5 Qe6 38. Bh3 Qf7 39. Qxf7+ Kxf7 40. Bd7 Red8 41. Bxc6 f5 42. Ng5+ Kg6 43.
Ne6 Rdc8 44. b5 Kf7 45. Nc5 e6 46. Bd7 1-0

[Event "Early-Titled-Tuesday-Blitz-January-30-2024"]
[Site "Chess.com"]
[Date "2024.01.30"]
[Round "9"]
[White "alekroth65"]
[Black "toninhojit"]
[Result "0-1"]
[WhiteElo "2362"]
[BlackElo "2558"]
[TimeControl "180+1"]
[EndTime "9:49:20 PST"]
[Termination "toninhojit won on time"]

1. d4 Nf6 2. c4 c5 3. d5 e6 4. Nc3 exd5 5. cxd5 d6 6. Nf3 g6 7.
Bg5 Bg7 8. Nd2 Nbd7 9. e3 O-O 10. Be2 a6 11. a4 Ne5 12. O-O h6 13. Bf4 Ne8 14.
Bxe5 Bxe5 15. Nc4 Bg7 16. a5 Rb8 17. Na4 Bd7 18. Nab6 Bb5 19. Qc2 Nf6 20. Bf3 Nd7 21.
Nxd7 Qxd7 22. Nb6 Qe7 23. Be2 f5 24. Rab1 Kh7 25. Bc4 f4 26. exf4 Rxf4 27. b3 Bxc4 28. bxc4 Bd4 29. Rbe1 Qf7 30. Re2 Rf8 31. g3 Rf3 32.
Qe4 Rf5 33. Kg2 Re5 34. Qd3 Rfe8 35. Rxe5 Rxe5 36. Qf3 Rf5 37. Qe4 Rxf2+ 38. Rxf2 Qxf2+ 39. Kh3 Qf1+ 40. Qg2 Qf5+ 41. g4 Qd3+ 42. Qg3 Qf1+ 43. Qg2 Qf4 44. Qg3 Be5 45. Qxf4 Bxf4 46. Kg2 Bd2 47.
h3 Bxa5 48. Nc8 Bc7 49. Kf3 Kg7 50. Ke4 Kf7 51. h4 Ke8 0-1

[Event "Early-Titled-Tuesday-Blitz-January-30-2024"]
[Site "Chess.com"]
[Date "2024.01.30"]
[Round "9"]
[White "NewYearGirl"]
[Black "tarno17"]
[Result "1-0"]
[WhiteElo "2347"]
[BlackElo "2069"]
[TimeControl "180+1"]
[EndTime "9:49:20 PST"]
[Termination "NewYearGirl won by checkmate"]

1. e4 c5 2. Nf3 e6 3. d4 cxd4 4. Nxd4 a6 5. c4 Qc7 6. Nc3 Bb4 7. Bd3 Nf6 8. O-O Nc6 9. Nxc6 dxc6 10. Bg5 Bxc3 11.
bxc3 Qa5 12. Qd2 h6 13. Bxf6 gxf6 14. Rab1 Qh5 15. f4 Rg8 16. Qe3 Qg4 17. Rf2 h5 18.
c5 h4 19. Be2 Qg7 20. Bf3 h3 21. g3 Ke7 22. Qd4 Rd8 23. Qe3 a5 24. a4 Qg8 25. e5 fxe5 26. fxe5 Qg6 27. Be4 Qg7 28. Qf4 Bd7 29. Rxb7 Rab8 30. Rfb2 Rxb7 31. Rxb7 Ke8 32. Qf6 Qf8 33. Qf2 Qg7 34. Qf4 Qf8 35. Qe3 Qg7 36.
Bf3 Qf8 37. Ra7 Qe7 38. Rxa5 Bc8 39. Ra8 Kf8 40. Bxc6 Rd1+ 41. Kf2 Rd8 42. Be4 Kg7 43. c6 Rd1 44. Ra7 Qd8 45. Qf3 Rd2+ 46. Ke1 Ra2 47.
Qxf7+ Kh8 48. Qh7# 1-0

[Event "Early-Titled-Tuesday-Blitz-January-30-2024"]
[Site "Chess.com"]
[Date "2024.01.30"]
[Round "9"]
[White "Iball95"]
[Black "maximnovik"]
[Result "0-1"]
[WhiteElo "2774"]
[BlackElo "2625"]
[TimeControl "180+1"]
[EndTime "9:49:21 PST"]
[Termination "maximnovik won by checkmate"]

1. e4 c6 2. d4 d5 3. exd5 cxd5 4. c4 Nf6 5. Nc3 g6 6. Nf3 Bg7 7. cxd5 Nxd5 8. Bc4 Nxc3 9. bxc3 Qc7 10. Qe2 O-O 11.
O-O Bg4 12. Bd5 Qxc3 13. Bxb7 Qxa1 14. Bxa8 Qc3 15. h3 Bxf3 16. Bxf3 Nc6 17. Bxc6 Qxc6 18. Qxe7 Bxd4 19. Be3 Re8 20. Qa3 Bxe3 21. fxe3 Qb6 22.
Rf3 Re6 23. Kh1 h5 24. Qc3 Rc6 25. Qe5 Qd8 26. Qf4 Qd7 27. Kh2 Re6 28. Kh1 Qe7 29. Kh2 Kg7 30. Qd4+ Kh7 31. Qf4 Kg7 32. Qd4+ f6 33.
Kg1 Rd6 34. Qf4 g5 35. Qc4 Rd1+ 36. Kf2 Qd6 37. Rf5 h4 38. Qg4 Qd2+ 39. Qe2 Qc1 40.
Rc5 Qa1 41. Rc7+ Kh6 42. Rc6 Rb1 43. Kf3 Rf1+ 44. Ke4 Qe5+ 45. Kd3 Qd5+ 46. Kc2 Qxc6+ 47. Kb3 Rc1 48. Ka3 Qc5+ 49. Ka4 Rc4+ 50. Kb3 Qb4# 0-1

[Event "Early-Titled-Tuesday-Blitz-January-30-2024"]
[Site "Chess.com"]
[Date "2024.01.30"]
[Round "9"]
[White "PepeCuenca"]
[Black "KVAIDAN"]
[Result "1/2-1/2"]
[WhiteElo "2663"]
[BlackElo "2396"]
[TimeControl "180+1"]
[EndTime "9:49:23 PST"]
[Termination "Game drawn - insufficient material"]

1. d4 e6 2. c4 f5 3. a3 Nf6 4.
Nc3 Be7 5. h4 O-O 6. Nh3 b6 7. Bf4 Bb7 8. e3 Ne4 9. h5 h6 10. Qc2 Bh4 11. O-O-O d6 12. Rg1 Nd7 13. Bd3 Nxc3 14. Qxc3 Qe8 15. Be2 Bf6 16. Qc2 e5 17.
Bh2 Be4 18. Bd3 Bxd3 19. Qxd3 Qxh5 20. f3 exd4 21. exd4 Rae8 22. Kb1 a5 23. Bg3 Qg6 24. Bf2 Qf7 25. Qxf5 Re2 26. Qd3 Rfe8 27. Rge1 Rxe1 28. Rxe1 Rxe1+ 29. Bxe1 c5 30. Bc3 cxd4 31. Bxd4 Bxd4 32. Qxd4 Qg6+ 33. Qe4 Qxe4+ 34. fxe4 Ne5 35. b3 a4 36. Kc2 Ng4 37. Nf4 g5 38. Nd5 axb3+ 39. Kxb3 Nf2 40. Nxb6 Nxe4 41. Kc2 Kf7 42. Kd3 Nc5+ 43. Kd4 Ke6 44. Nd5 h5 45. Nc3 Nb3+ 46. Ke3 Na5 47. Kd4 Nb3+ 48.
Ke3 Ke5 49. Ne4 g4 50. g3 Na5 51. Nd2 Nc6 52. a4 Na5 53. Kd3 h4 54. gxh4 Kf4 55.
h5 Kg5 56. Ne4+ Kxh5 57. Nxd6 g3 58. Ke2 Kg4 59. Ne4 Nxc4 60. Nxg3 Kxg3 61. Kd3 Nb2+ 62. Kd4 Nxa4 1/2-1/2

[Event "Early-Titled-Tuesday-Blitz-January-30-2024"]
[Site "Chess.com"]
[Date "2024.01.30"]
[Round "9"]
[White "MagnusCarlsen"]
[Black "Jospem"]
[Result "1-0"]
[WhiteElo "3301"]
[BlackElo "3080"]
[TimeControl "180+1"]
[EndTime "9:49:24 PST"]
[Termination "MagnusCarlsen won by resignation"]

1. e4 c5 2. Nc3 d6 3. Nge2 a6 4. g3 Nc6 5. Bg2 e6 6. O-O Bd7 7. d4 cxd4 8. Nxd4 Nf6 9. Re1 Be7 10. Nxc6 Bxc6 11. e5 dxe5 12. Bxc6+ bxc6 13. Rxe5 Nd5 14. Na4 O-O 15. Re4 Qc7 16. c4 Nf6 17. Bf4 Qb7 18. Re3 c5 19. Qf3 Ra7 20. Rd1 Qxf3 21. Rxf3 Rb7 22.
Rb3 Rxb3 23. axb3 Rc8 24. Kf1 Rc6 25. Ke2 Kf8 26. f3 Ke8 27. Kd3 Nd7 28. Kc2 h5 29.
Nc3 f5 30. h4 Bf6 31. Be3 Be5 32. Ne2 g6 33. Nf4 Bxf4 34. Bxf4 Ke7 35. Bg5+ Ke8 36. Kc3 Rb6 37. f4 a5 38. Ra1 Ra6 39. Kc2 Ra8 40.
Kb1 Nb8 41. Bf6 Nc6 42. Bc3 Kd7 43. Kc2 Kc7 44. Re1 Re8 45. Kb1 Nb4 46. Re2 Kb6 47.
Kc1 Nc6 48. Kc2 Nb4+ 49. Kc1 Nc6 50. Kd1 Kc7 51. Kc2 Kb6 52. Kb1 Nb4 53. Re1 Nc6 54.
Re3 Nb4 55. Re2 Nc6 56. Ka2 Re7 57. Ka3 Re8 58. Ka4 Re7 59. Rd2 Re8 60. Rd6 Kc7 61. Be5 Kb6 62. Rd7 Nxe5 63. fxe5 f4 64. gxf4 Rf8 65.
Rd6+ Kc7 66. Rxe6 Rxf4 67. Rxg6 Rf3 68. Rh6 Kd7 69. e6+ Ke7 70. Rxh5 1-0